[Event "ICC Open 2015"]
[Site "Internet Chess Club"]
[Date "2015.05.30"]
[Round "7"]
[White "Much-Acclaimed"]
[Black "safadi100"]
[Result "1/2-1/2"]
[ICCResult "White ran out of time and Black has no material to mate"]
[WhiteElo "1949"]
[BlackElo "1906"]
[Opening "English opening"]
[ECO "A13"]
[NIC "RE.11"]
[Time "15:22:50"]
[TimeControl "180+0"]

1. c4 e6 2. g3 d5 3. Bg2 Nf6 4. Nf3 c6 5. O-O Nbd7 6. d4 Bd6 7. Nbd2 O-O 8.
Qc2 b6 9. e4 dxe4 10. Nxe4 Nxe4 11. Qxe4 Bb7 12. Rd1 Qc7 13. Qe2 c5 14. Be3
Nf6 15. Rac1 Rad8 16. a3 a5 17. dxc5 Bxc5 18. Bf4 Qc6 19. Nh4 Qc8 20. Nf3
Ng4 21. Rf1 Rfe8 22. h3 Nf6 23. Bg5 Be7 24. Rfd1 h6 25. Be3 Rxd1+ 26. Rxd1
Rd8 27. Rxd8+ Qxd8 28. Qd2 Qxd2 29. Nxd2 Bxg2 30. Kxg2 Bd8 31. b4 axb4 32.
axb4 Kf8 33. Nb3 Ke8 34. Nd4 Kd7 35. b5 Bc7 36. Nc6 Ne4 37. Kf3 Nd6 38. c5
bxc5 39. Bxc5 Nxb5 40. Nd4 Nxd4+ 41. Bxd4 g6 42. g4 f5 43. gxf5 exf5 44. Be3
g5 45. Kg2 Ke6 46. f3 Kd5 47. Bc1 f4 48. h4 Be5 49. hxg5 hxg5 50. Kh3 Ke6
51. Kg4 Kf6 52. Ba3 Bd4 53. Bd6 Be3 54. Bc7 Kg6 55. Bd8 Bd2 56. Bxg5 Be1 57.
Bxf4 Bf2 58. Be5 Be3 59. f4 Kf7 60. f5 Bd2 61. Bf4 Bc3 62. Bg5 Bd4 63. Kf3
Bc3 64. Ke4 Bb2 {White ran out of time and Black has no material to mate}
1/2-1/2

[Event "ICC Open 2015"]
[Site "Internet Chess Club"]
[Date "2015.05.30"]
[Round "7"]
[White "Nos"]
[Black "FedoseevVl95"]
[Result "0-1"]
[ICCResult "White checkmated"]
[WhiteElo "2377"]
[BlackElo "3032"]
[Opening "English opening: Agincourt variation"]
[ECO "A13"]
[NIC "QP.09"]
[Time "15:22:52"]
[TimeControl "180+0"]

1. Nf3 d5 2. c4 e6 3. b3 Nf6 4. g3 Be7 5. Bb2 O-O 6. Bg2 c5 7. O-O d4 8. e3
Nc6 9. exd4 cxd4 10. Re1 Re8 11. d3 Bb4 12. Nbd2 e5 13. a3 Bc3 14. Qc2 Bxb2
15. Qxb2 Bf5 16. Qc2 a5 17. Nh4 Bg6 18. Nxg6 hxg6 19. b4 axb4 20. axb4 Nxb4
21. Qb3 Rxa1 22. Rxa1 Na6 23. Qxb7 Nc5 24. Qb5 Qd6 25. Ra5 Nxd3 26. c5 Qc7
27. Nb3 e4 28. Nxd4 Rb8 29. Qa4 Nxc5 30. Qa2 Nd3 31. Ra7 Qc1+ 32. Bf1 Rf8
33. Ne6 fxe6 34. Qxe6+ Kh8 35. Qh3+ Qh6 36. Qe6 Qh5 37. Ra4 Qf5 38. Qe7
Qxf2+ 39. Kh1 Qxf1# {White checkmated} 0-1

[Event "ICC Open 2015"]
[Site "Internet Chess Club"]
[Date "2015.05.30"]
[Round "7"]
[White "kingmate"]
[Black "Satyricon"]
[Result "1-0"]
[ICCResult "Black resigns"]
[WhiteElo "2564"]
[BlackElo "2245"]
[Opening "Sicilian: Alapin's variation (2.c3)"]
[ECO "B22"]
[NIC "SI.46"]
[Time "15:23:03"]
[TimeControl "180+0"]

1. e4 c5 2. c3 d6 3. d4 Nf6 4. Bd3 g6 5. Nf3 Bg7 6. h3 O-O 7. O-O Nc6 8. Qe2
cxd4 9. cxd4 e5 10. d5 Ne7 11. Nc3 a6 12. a4 Nh5 13. Be3 Nf4 14. Bxf4 exf4
15. Qd2 Bh6 16. Rfe1 g5 17. Nd4 Ng6 18. Nf5 Bxf5 19. exf5 Ne5 20. Ne4 f3 21.
g4 f6 22. Rac1 Bg7 23. Ng3 Qb6 24. Rxe5 dxe5 25. Ne4 Rfd8 26. Bc4 Kh8 27. d6
Rac8 28. b3 Qc6 29. Re1 b5 30. axb5 axb5 31. Be6 Ra8 32. d7 Ra7 33. Re3
Raxd7 34. Bxd7 Rxd7 35. Rd3 Rxd3 36. Qxd3 h5 37. Kh2 Kh7 38. Qxf3 Qc2 39.
gxh5 Kh6 40. Nd6 Bf8 41. Ne4 Be7 42. Qe3 Kxh5 43. Kg2 b4 44. Ng3+ Kh6 45.
Qf3 Bc5 46. Ne4 Bd4 47. Nxf6 Bxf2 48. Ng4+ Kh5 49. Nxf2+ Kh6 50. f6
{Black resigns}
1-0

[Event "ICC Open 2015"]
[Site "Internet Chess Club"]
[Date "2015.05.30"]
[Round "7"]
[White "Chisel"]
[Black "santiagoelawad"]
[Result "1/2-1/2"]
[ICCResult "Game drawn by repetition"]
[WhiteElo "1823"]
[BlackElo "2042"]
[Opening "Caro-Kann: Rasa-Studier gambit"]
[ECO "B15"]
[NIC "CK.05"]
[Time "15:23:21"]
[TimeControl "180+0"]

1. e4 c6 2. Nc3 d5 3. d4 dxe4 4. f3 exf3 5. Nxf3 Nf6 6. Bc4 Bf5 7. Be3 e6 8.
O-O Nbd7 9. Qe1 Be7 10. Rd1 Bxc2 11. Rd2 Bg6 12. Ne5 Nxe5 13. dxe5 Nd5 14.
Nxd5 cxd5 15. Bb5+ Kf8 16. Qg3 a6 17. Bd3 Kg8 18. Qf3 Qe8 19. a4 h6 20. Bxg6
fxg6 21. Qg4 Kh7 22. a5 Bd8 23. Bb6 Bxb6+ 24. axb6 Qe7 25. Rc2 Rac8 26. Rfc1
Qd7 27. Rc7 Rxc7 28. Rxc7 Qb5 29. Qxe6 Qxb2 30. Qxd5 Qxb6+ 31. Qc5 Qxc5+ 32.
Rxc5 Re8 33. Kf2 Re6 34. Kf3 b6 35. Rd5 g5 36. Ke4 Kg6 37. Rd8 Kf7 38. Kd5
Re7 39. Rb8 b5 40. Rb6 Rd7+ 41. Kc5 Re7 42. Kd5 Rd7+ 43. Kc5 Rc7+ 44. Kd6
Re7 45. Kd5 Rd7+ 46. Kc5 Rc7+ 47. Kd5 Rd7+ {Game drawn by repetition}
1/2-1/2

[Event "ICC Open 2015"]
[Site "Internet Chess Club"]
[Date "2015.05.30"]
[Round "7"]
[White "ILYMJPDL"]
[Black "want2win"]
[Result "1/2-1/2"]
[ICCResult "Game drawn by repetition"]
[WhiteElo "2003"]
[BlackElo "2377"]
[Opening "French: exchange variation"]
[ECO "C01"]
[NIC "FR.01"]
[Time "15:23:52"]
[TimeControl "180+0"]

1. e4 e6 2. d4 d5 3. exd5 exd5 4. Bd3 Bd6 5. Ne2 Ne7 6. Bf4 Nbc6 7. c3 Bf5
8. O-O Bxf4 9. Nxf4 Qd6 10. Bxf5 Nxf5 11. Re1+ Nce7 12. Nd3 O-O-O 13. Na3 f6
14. Qa4 Kb8 15. Nc5 c6 16. b4 b5 17. Qa5 Nc8 18. Re6 Qf4 19. Rxc6 Nfd6 20.
Na6+ Ka8 21. Nc7+ Kb7 22. Rc5 Nb6 23. Qa6+ Kb8 24. Naxb5 Nxb5 25. Qxb5 Rd7
26. Na6+ Ka8 27. Qc6+ Rb7 28. a3 Qf5 29. Nc7+ Kb8 30. Na6+ Ka8 31. Nc7+ Kb8
32. Na6+ Ka8 33. Nc7+ Kb8 {Game drawn by repetition} 1/2-1/2

[Event "ICC Open 2015"]
[Site "Internet Chess Club"]
[Date "2015.05.30"]
[Round "7"]
[White "BennieHill"]
[Black "RAFALVAR"]
[Result "1-0"]
[ICCResult "Black forfeits on time"]
[WhiteElo "1258"]
[BlackElo "1635"]
[Opening "French defense"]
[ECO "C00"]
[NIC "FR.01"]
[Time "15:22:49"]
[TimeControl "180+0"]

1. e4 e6 2. Nf3 d5 3. e5 c5 4. c3 Qb6 5. a3 Bd7 6. d4 Bb5 7. Bd3 Bxd3 8.
Qxd3 Nc6 9. O-O Rc8 10. Nbd2 cxd4 11. cxd4 Nge7 12. b4 Nf5 13. Bb2 Be7 14.
Nb3 O-O 15. Rfd1 h5 16. Nc5 Bxc5 17. dxc5 Qc7 18. h3 g6 19. Re1 b6 20. Rac1
bxc5 21. Rxc5 Qb7 22. Rec1 Nce7 23. Rb5 Qd7 24. Rxc8 Rxc8 25. Rc5 Rxc5 26.
bxc5 Qc6 27. Qc3 h4 28. Nd4 Nxd4 29. Qxd4 Nf5 30. Qb4 Kg7 31. Bd4 a6 32. a4
Ne7 33. Qb6 Qxb6 34. cxb6 Nc6 35. b7 Kf8 36. a5 Ke7 37. Bc5+
{Black forfeits on time}
1-0

[Event "ICC Open 2015"]
[Site "Internet Chess Club"]
[Date "2015.05.30"]
[Round "7"]
[White "RLH2"]
[Black "playwaycool"]
[Result "1-0"]
[ICCResult "Black resigns"]
[WhiteElo "2784"]
[BlackElo "2343"]
[Opening "Nimzovich-Larsen attack"]
[ECO "A01"]
[NIC "VO.08"]
[Time "15:24:24"]
[TimeControl "180+0"]

1. b3 c6 2. Bb2 d5 3. Nf3 Nd7 4. e3 Ngf6 5. c4 g6 6. cxd5 cxd5 7. Nc3 Nb6 8.
a4 a5 9. Rc1 Bd7 10. Nb5 Rc8 11. Bxf6 exf6 12. Be2 Be7 13. O-O O-O 14. Nfd4
Bb4 15. Bf3 Rxc1 16. Qxc1 Qb8 17. Qb2 Rc8 18. h3 Qe5 19. Rc1 Kg7 20. Rxc8
Nxc8 21. Qc2 Ne7 22. Bg4 f5 23. Be2 Nc6 24. f4 Qf6 25. Bf3 Nxd4 26. Nxd4 Qd6
27. Qb2 f6 28. Nc2 Bxd2 29. Qd4 Bb4 30. Nxb4 Qxb4 31. Qxb4 axb4 32. Bxd5 b6
33. Kf2 Kf8 34. Ke2 Ke7 35. Kd3 Kd6 36. Kc4 b5+ 37. axb5 Bxb5+ 38. Kxb5 Kxd5
39. Kxb4 Ke4 40. Kc5 Kxe3 41. b4 g5 42. b5 gxf4 43. b6 Kf2 44. b7 Kxg2 45.
b8=Q f3 46. Qg8+ Kh2 47. Qxh7 f2 48. Qxf5 Kg1 49. Qxf6 f1=Q 50. Qxf1+ Kxf1
51. h4 Kg2 52. h5 Kf3 53. h6 Kf4 54. h7 Kg5 55. h8=Q Kf5 56. Qc8+
{Black resigns}
1-0

[Event "ICC Open 2015"]
[Site "Internet Chess Club"]
[Date "2015.05.30"]
[Round "7"]
[White "jewels2"]
[Black "talaatabdin"]
[Result "0-1"]
[ICCResult "White checkmated"]
[WhiteElo "1307"]
[BlackElo "1438"]
[Opening "Queen's pawn game"]
[ECO "A61"]
[NIC "QP.07"]
[Time "15:23:53"]
[TimeControl "180+0"]

1. d4 Nf6 2. c4 e6 3. Nc3 c5 4. d5 d6 5. Nf3 exd5 6. cxd5 Bg4 7. Ng5 Be7 8.
h3 Bf5 9. e4 Bg6 10. h4 h6 11. h5 hxg5 12. Bxg5 Nfd7 13. Bxe7 Qxe7 14. Qf3
Ne5 15. Bb5+ Nbd7 16. Qe2 O-O-O 17. O-O-O Bh7 18. f4 a6 19. Ba4 Nf6 20. fxe5
Qxe5 21. a3 Nxe4 22. Nxe4 Qxe4 23. Qf3 Qxa4 24. Qg4+ Kb8 25. Qxg7 Qc2#
{White checkmated}
0-1

[Event "ICC Open 2015"]
[Site "Internet Chess Club"]
[Date "2015.05.30"]
[Round "7"]
[White "Psycho-Cowboy"]
[Black "WhiteHorse"]
[Result "1-0"]
[ICCResult "Black forfeits on time"]
[WhiteElo "2458"]
[BlackElo "2030"]
[Opening "Nimzovich-Larsen attack: classical variation"]
[ECO "A01"]
[NIC "VO.08"]
[Time "15:23:02"]
[TimeControl "180+0"]

1. b3 d5 2. Bb2 c5 3. e3 Nc6 4. f4 Nf6 5. Nf3 Bg4 6. Be2 e6 7. Ne5 Nxe5 8.
fxe5 Bxe2 9. Qxe2 Nd7 10. O-O Be7 11. Qh5 O-O 12. d3 Rc8 13. Nd2 b5 14. Rf3
Qa5 15. Rh3 h6 16. Nf3 c4 17. Rg3 Kh7 18. Rf1 Qxa2 19. Bd4 Qxc2 20. dxc4
dxc4 21. bxc4 Rxc4 22. Qg4 Rg8 23. h4 Qg6 24. Qh3 Qh5 25. Nd2 Rc2 26. Ne4 b4
27. Rb1 a5 28. Rf3 Qg6 29. Rf4 a4 30. h5 Rxg2+ 31. Qxg2 Qxh5 32. Kf2 Bg5 33.
Rh1 Bxf4 34. Rxh5 Bxe3+ 35. Bxe3 Rb8 36. Qf3 Kg8 37. Bxh6 b3 38. Qg3 Kf8 39.
Qxg7+ Ke8 40. Nd6+ Kd8 41. Bg5+ Kc7 42. Qxf7 b2 43. Rh1 b1=Q 44. Rxb1 Rxb1
45. Qxe6 Rb2+ 46. Ke3 a3 47. Qc4+ Kb6 48. Qd4+ Kc6 49. Qc4+ Nc5 50. Kd4 Kd7
51. e6+ {Black forfeits on time} 1-0

[Event "ICC Open 2015"]
[Site "Internet Chess Club"]
[Date "2015.05.30"]
[Round "7"]
[White "Werewolf"]
[Black "Ramanip15"]
[Result "1/2-1/2"]
[ICCResult "White stalemated"]
[WhiteElo "2185"]
[BlackElo "1845"]
[Opening "Sicilian: dragon, Yugoslav attack, 10.O-O-O"]
[ECO "B78"]
[NIC "SI.18"]
[Time "15:24:16"]
[TimeControl "180+0"]

1. e4 c5 2. Nf3 d6 3. d4 cxd4 4. Nxd4 Nf6 5. Nc3 g6 6. Be3 Bg7 7. Bc4 O-O 8.
f3 Nc6 9. Qd2 Bd7 10. O-O-O Rc8 11. Bb3 Ne5 12. h4 Nc4 13. Bxc4 Rxc4 14.
Nde2 Qc7 15. g4 Rc8 16. h5 b5 17. g5 Nxh5 18. Kb1 Be6 19. Rc1 Qa5 20. Nd5
Qxd2 21. Bxd2 Bxd5 22. exd5 R4c5 23. Be3 Rxd5 24. Bxa7 Rd2 25. Nd4 Bxd4 26.
Bxd4 Rxd4 27. Rhe1 Kf8 28. Re2 Nf4 29. Rf2 Rc5 30. b3 Rcd5 31. Kb2 Rd2 32.
Rxd2 Rxd2 33. Kc3 Rf2 34. a4 Ne2+ 35. Kb2 Nxc1 36. Kxc1 bxa4 37. bxa4 Rxf3
38. Kb2 Rf4 39. Kb3 Rf1 40. Kb2 h5 41. a5 h4 42. a6 Rf5 43. Kb3 Ra5 44. Kb4
Rxa6 45. c4 Ra1 46. c5 Rc1 47. cxd6 Rb1+ 48. Kc5 exd6+ 49. Kxd6 Rg1 50. Ke5
Rxg5+ 51. Kf6 Rh5 {White stalemated} 1/2-1/2

[Event "ICC Open 2015"]
[Site "Internet Chess Club"]
[Date "2015.05.30"]
[Round "7"]
[White "Volkov"]
[Black "garompon"]
[Result "0-1"]
[ICCResult "White checkmated"]
[WhiteElo "2940"]
[BlackElo "2613"]
[Opening "King's Indian: Gligoric-Taimanov system"]
[ECO "E92"]
[NIC "KI.18"]
[Time "15:24:04"]
[TimeControl "180+0"]

1. d4 Nf6 2. c4 g6 3. Nc3 Bg7 4. e4 O-O 5. Be2 d6 6. Nf3 e5 7. Be3 exd4 8.
Nxd4 Nc6 9. O-O Re8 10. f3 Nh5 11. Qd2 Nf4 12. Rfd1 Nxd4 13. Bxd4 Nxe2+ 14.
Nxe2 f5 15. Bxg7 Kxg7 16. c5 fxe4 17. cxd6 Qxd6 18. Qc3+ Qf6 19. Qxc7+ Re7
20. Qg3 exf3 21. Nc3 Qb6+ 22. Qf2 Qxf2+ 23. Kxf2 fxg2 24. Rd8 Rf7+ 25. Kxg2
Bh3+ 26. Kxh3 Rxd8 27. Re1 Rd3+ 28. Kg4 h5+ 29. Kg5 Rf5+ 30. Kh4 Rf4+ 31.
Kg5 Rg4# {White checkmated} 0-1

[Event "ICC Open 2015"]
[Site "Internet Chess Club"]
[Date "2015.05.30"]
[Round "7"]
[White "gmgattass"]
[Black "MoonlightWizard"]
[Result "0-1"]
[ICCResult "White resigns"]
[WhiteElo "2333"]
[BlackElo "2921"]
[Opening "French: Two knights variation"]
[ECO "C00"]
[NIC "FR.01"]
[Time "15:24:30"]
[TimeControl "180+0"]

1. e4 e6 2. Nf3 d5 3. Nc3 d4 4. Ne2 c5 5. d3 Nc6 6. Nd2 e5 7. a4 Bd6 8. Nc4
Be6 9. g3 Nge7 10. Bg2 O-O 11. O-O a6 12. Nxd6 Qxd6 13. f4 f6 14. f5 Bf7 15.
g4 c4 16. h4 cxd3 17. cxd3 Qb4 18. g5 Bb3 19. Qe1 Qxe1 20. Rxe1 Nb4 21. gxf6
gxf6 22. Bh6 Rfc8 23. Bf3 Nc2 24. Kf2 Nxe1 25. Rxe1 Kh8 26. Ng3 Ng8 27. Bd2
Rc2 28. Nf1 Rxb2 29. Rc1 Rc2 30. Rb1 Bxa4 31. Rxb7 Bb5 32. Ke2 Rac8 33. Bh5
R8c3 34. Bg6 hxg6 35. fxg6 Rc7 36. Rb8 Rc8 37. Rb6 R2c6 38. Rb7 R6c7 39. Rb6
Kg7 40. h5 Ne7 41. Ng3 Rh8 42. Re6 Rxh5 43. Nxh5+ Kxg6 44. Nxf6 Kf7 45. Rb6
Nc8 46. Rb8 Kxf6 47. Ba5 Rc2+ 48. Kd1 Ba4 49. Ke1 Ke6 50. Rb7 Bb5 51. Rb8
Bxd3 52. Kd1 Bxe4 53. Rb7 Bxb7 54. Kxc2 Kd5 {White resigns} 0-1

[Event "ICC Open 2015"]
[Site "Internet Chess Club"]
[Date "2015.05.30"]
[Round "7"]
[White "Giantvin"]
[Black "Nightlife"]
[Result "0-1"]
[ICCResult "White forfeits on time"]
[WhiteElo "1968"]
[BlackElo "1756"]
[Opening "QGD: Semi-Tarrasch, 5.cd"]
[ECO "D41"]
[NIC "TD.08"]
[Time "15:23:06"]
[TimeControl "180+0"]

1. d4 Nf6 2. c4 e6 3. Nf3 d5 4. Nc3 c5 5. cxd5 Nxd5 6. e4 Nxc3 7. bxc3 cxd4
8. cxd4 Bb4+ 9. Bd2 Bxd2+ 10. Qxd2 O-O 11. Bc4 Nc6 12. O-O b6 13. Rfd1 Na5
14. Bd3 Bb7 15. Rac1 Rc8 16. Rxc8 Qxc8 17. Rc1 Qd8 18. Qe3 Qe7 19. h3 Rc8
20. Rxc8+ Bxc8 21. Ne5 Bb7 22. Qc1 h6 23. Qc3 Qd6 24. f3 Nc6 25. Nxc6 Qxc6
26. Qxc6 Bxc6 27. Kf2 Kf8 28. Ke3 Ke7 29. f4 Kd6 30. g4 g5 31. f5 exf5 32.
gxf5 f6 33. Be2 a5 34. Bd3 b5 35. Kd2 b4 36. Kc2 Ba4+ 37. Kb2 Bd1 38. a3 h5
39. axb4 axb4 40. Kc1 Ba4 41. Bc4 g4 42. hxg4 hxg4 43. Kd2 g3 44. Ke3 b3 45.
Kf3 b2 46. Bd3 Bb5 47. Bc2 Ba4 48. Bd3 Bb5 49. Bb1 Bf1 50. Kxg3 Bc4 51. Kf4
Bb3 52. e5+ fxe5+ 53. dxe5+ Ke7 54. f6+ Kf7 55. Bf5 Be6 56. Be4 Bd5 57. Kg5
Bxe4 {White forfeits on time} 0-1

[Event "ICC Open 2015"]
[Site "Internet Chess Club"]
[Date "2015.05.30"]
[Round "7"]
[White "Kseroks"]
[Black "Bozhenka"]
[Result "0-1"]
[ICCResult "White forfeits on time"]
[WhiteElo "2778"]
[BlackElo "3086"]
[Opening "QGD semi-Slav"]
[ECO "D43"]
[NIC "QI.01"]
[Time "15:22:47"]
[TimeControl "180+0"]

1. d4 Nf6 2. c4 e6 3. Nf3 d5 4. Nc3 c6 5. Bg5 h6 6. Bh4 Nbd7 7. e3 Be7 8.
Qc2 a6 9. cxd5 cxd5 10. Bd3 b5 11. O-O Bb7 12. Rac1 O-O 13. Qe2 Ne4 14. Bxe7
Qxe7 15. Nd2 Nd6 16. b3 Rac8 17. Rc2 e5 18. dxe5 Nxe5 19. Rfc1 Rfd8 20. Nd1
Rxc2 21. Rxc2 Rd7 22. h3 Qh4 23. Nf3 Nxf3+ 24. Qxf3 d4 25. Qe2 Re7 26. Qg4
Qf6 27. Rd2 Ne4 28. Bxe4 Rxe4 29. Qd7 Bc6 30. Qc8+ Kh7 31. Rxd4 Rxd4 32.
exd4 Be4 33. Qc3 Qd6 34. Qb2 Qg6 35. Ne3 f5 36. f4 Qg3 37. Qf2 Qg6 38. Kh2
Qd6 39. d5 g5 40. g3 Kg6 41. h4 Qb4 42. fxg5 hxg5 43. hxg5 Qd4 44. d6 Qxd6
45. Ng2 Bxg2 46. Qxg2 Kxg5 47. Qf2 Qe5 48. Kg2 Qe4+ 49. Qf3 Qc2+ 50. Qf2
Qe4+ 51. Qf3 Qc2+ 52. Kh3 Kg6 53. Qf4 Qd1 54. Qf3 Qxf3 55. Kh2 f4 56. gxf4
Kf5 57. Kg1 Kxf4 58. Kh2 Ke3 59. Kg1 Ke2 60. Kh2 Kf2 {White forfeits on
time} 0-1

[Event "ICC Open 2015"]
[Site "Internet Chess Club"]
[Date "2015.05.30"]
[Round "7"]
[White "zelog"]
[Black "sakram07"]
[Result "0-1"]
[ICCResult "White resigns"]
[WhiteElo "2054"]
[BlackElo "1909"]
[Opening "English, 1...Nf6 (Anglo-Indian defense)"]
[ECO "A15"]
[NIC "EO.64"]
[Time "15:23:19"]
[TimeControl "180+0"]

1. c4 Nf6 2. g3 g6 3. Bg2 Bg7 4. Nf3 O-O 5. O-O c6 6. Nc3 d5 7. cxd5 cxd5 8.
d4 e6 9. Bg5 h6 10. Bxf6 Bxf6 11. e3 Kg7 12. Rc1 Nc6 13. a3 Bd7 14. Nd2 Qb6
15. b4 a5 16. b5 Na7 17. a4 Rac8 18. Nb3 Rc4 19. Nc5 Rd8 20. Qd3 Be7 21.
Bxd5 Rxc3 22. Qxc3 exd5 23. Rc2 Bxc5 24. dxc5+ Qf6 25. Qxa5 Nc8 26. Qc7 Bh3
27. f4 Bxf1 28. Kxf1 d4 29. e4 d3 30. Rf2 Qa1+ 31. Kg2 Qd4 32. Rd2 Qxe4+ 33.
Kf2 Qd4+ 34. Kf3 Qd5+ 35. Kf2 Re8 36. c6 bxc6 37. Qxc6 Qxc6 38. bxc6 Re6 39.
Rxd3 Rxc6 40. a5 Ra6 41. Ra3 Nd6 42. Kf3 Nc4 43. Ra4 Nxa5 44. g4 Ra7 45. f5
Nc6 46. fxg6 Rxa4 47. gxf7 Kxf7 48. h4 Kg6 49. h5+ Kg5 {White resigns} 0-1

[Event "ICC Open 2015"]
[Site "Internet Chess Club"]
[Date "2015.05.30"]
[Round "7"]
[White "sonovkong"]
[Black "tristanfran"]
[Result "1-0"]
[ICCResult "Black forfeits on time"]
[WhiteElo "1602"]
[BlackElo "1809"]
[Opening "Sicilian: closed"]
[ECO "B24"]
[NIC "SI.44"]
[Time "15:23:09"]
[TimeControl "180+0"]

1. e4 c5 2. Nc3 Nc6 3. g3 d6 4. Bg2 e5 5. Nge2 f5 6. f4 Nf6 7. d3 Be7 8. O-O
fxe4 9. dxe4 Be6 10. f5 Bf7 11. h3 h5 12. Bg5 Nd7 13. Bxe7 Qxe7 14. Nd5 Bxd5
15. Qxd5 Nf6 16. Qc4 Qf7 17. Qxf7+ Kxf7 18. c3 Rad8 19. Rfd1 a6 20. Rd2 Rd7
21. Rad1 Rhd8 22. Bf3 Na5 23. b3 Nc6 24. g4 hxg4 25. hxg4 Nh7 26. Ng3 Ng5
27. Bg2 a5 28. Kf2 Ke7 29. Nh5 a4 30. Nxg7 axb3 31. axb3 Ra8 32. Nh5 Ra3 33.
Rb1 b5 34. Ng3 Rda7 35. Ne2 c4 36. bxc4 bxc4 37. Rbd1 Rd7 38. Rb1 Na5 39.
Rb4 Nb3 40. Rc2 Rc7 41. Nc1 Nc5 42. Ke3 Na4 43. Ne2 Kf6 44. Rb8 Nc5 45. Rf8+
Ke7 46. Rh8 d5 47. exd5 Nd3 48. Rg8 Nf7 49. Rg7 Kf6 50. Rg8 Nd6 51. Rg6+ Kf7
52. Rxd6 Ke7 53. Re6+ Kf7 54. g5 Nc5 55. Rd6 Nb3 56. g6+ Kg7 57. Bh3 Kh6 58.
Ng3 {Black forfeits on time} 1-0

[Event "ICC Open 2015"]
[Site "Internet Chess Club"]
[Date "2015.05.30"]
[Round "7"]
[White "TudoracheM"]
[Black "DDT3000"]
[Result "0-1"]
[ICCResult "White forfeits on time"]
[WhiteElo "1818"]
[BlackElo "2123"]
[Opening "Caro-Kann: advance variation"]
[ECO "B12"]
[NIC "CK.04"]
[Time "15:23:38"]
[TimeControl "180+0"]

1. e4 c6 2. d4 d5 3. e5 Bf5 4. Nf3 e6 5. Be2 Nd7 6. O-O h6 7. c4 dxc4 8.
Bxc4 Ne7 9. Nc3 Nb6 10. Bd3 Bxd3 11. Qxd3 Ned5 12. Ne4 Be7 13. a3 O-O 14. b4
a5 15. b5 cxb5 16. Qxb5 Qd7 17. Rb1 Qxb5 18. Rxb5 Rfc8 19. Bb2 Rc2 20. Ne1
Re2 21. Ng3 Rd2 22. Nf3 Rc2 23. Ne1 Rc4 24. Nf3 Na4 25. Ba1 b6 26. h3 Rac8
27. Ne4 Rc1 28. Rb1 Rxf1+ 29. Kxf1 Rc2 30. Nfd2 Bxa3 31. Nd6 Rc1+ 32. Rxc1
Bxc1 33. N2c4 Bg5 34. Nc8 Bd8 35. N4d6 b5 36. Nxb5 Kf8 37. Ncd6 Be7 38. Nc4
Nab6 39. Nxb6 Nxb6 40. Bc3 a4 41. Ba5 Nc4 42. Nc3 a3 43. Na2 Nxa5 44. Ke2
Nc4 45. Kd3 Nb6 46. f4 Nd5 47. g3 g6 48. Kc4 Ke8 {White forfeits on time}
0-1

[Event "ICC Open 2015"]
[Site "Internet Chess Club"]
[Date "2015.05.30"]
[Round "7"]
[White "MTurov"]
[Black "yummy2"]
[Result "0-1"]
[ICCResult "White resigns"]
[WhiteElo "3007"]
[BlackElo "2747"]
[Opening "QGD Slav: 4.Nc3"]
[ECO "D15"]
[NIC "SL.03"]
[Time "15:24:20"]
[TimeControl "180+0"]

1. d4 d5 2. c4 c6 3. Nc3 Nf6 4. Nf3 a6 5. e3 g6 6. Bd3 Bg7 7. O-O O-O 8. h3
dxc4 9. Bxc4 b5 10. Bb3 Nbd7 11. a4 Bb7 12. Bd2 Qb6 13. Qc2 c5 14. axb5 axb5
15. Rxa8 Bxa8 16. Ne5 cxd4 17. exd4 Qxd4 18. Nxd7 Qxd7 19. Be3 Rc8 20. Qb1
e6 21. Rd1 Qc6 22. f3 b4 23. Ne2 Qa6 24. Kf2 Nd5 25. Bd4 Bf8 26. Rc1 Rd8 27.
Bc4 Qb7 28. Qa2 Nf4 29. Be3 Nxe2 30. Bxe2 Qb8 31. Qa5 Rc8 32. Rxc8 Qxc8 33.
Bd4 Qb8 34. Qg5 Bg7 35. Bxg7 Kxg7 36. Qe5+ Qxe5 {White resigns} 0-1

[Event "ICC Open 2015"]
[Site "Internet Chess Club"]
[Date "2015.05.30"]
[Round "7"]
[White "richbe"]
[Black "ALexiz"]
[Result "1-0"]
[ICCResult "Black forfeits on time"]
[WhiteElo "2038"]
[BlackElo "1798"]
[Opening "Sicilian: Grand Prix attack"]
[ECO "B23"]
[NIC "SI.44"]
[Time "15:23:34"]
[TimeControl "180+0"]

1. e4 c5 2. Nc3 Nc6 3. f4 g6 4. Nf3 Bg7 5. Bb5 Nd4 6. Bd3 d6 7. Nxd4 cxd4 8.
Ne2 Qb6 9. b3 e6 10. Bb2 Ne7 11. O-O O-O 12. Kh1 Nc6 13. Qe1 Nb4 14. Qf2
Nxd3 15. cxd3 e5 16. f5 f6 17. Rac1 Bd7 18. h4 Rfc8 19. h5 g5 20. Rc4 Bb5
21. g4 Bxc4 22. dxc4 Qa5 23. Nc1 h6 24. a3 b5 25. d3 bxc4 26. bxc4 Rab8 27.
Na2 Rb3 28. Nb4 Qa4 29. Nd5 Rcb8 30. Bxd4 exd4 31. Qxd4 Rf8 32. Ne7+ Kh7 33.
Ng6 Rf7 34. Qd5 Qd7 35. c5 dxc5 36. Qxb3 Qb7 37. Rb1 Qxb3 38. Rxb3 Rd7 39.
Rc3 a6 40. Kg2 Kg8 41. Kf3 Kf7 42. Ke3 Bf8 43. Nxf8 Kxf8 44. Rxc5 Rb7 45.
Rc6 Kf7 46. Rxa6 Rb1 47. Ra7+ Kg8 48. Kd4 Rg1 49. Kd5 Rxg4 50. Ke6 Rg3 51.
Kxf6 Rxd3 52. e5 g4 53. Kg6 Kf8 54. e6 Re3 55. Kf6 Kg8 56. e7
{Black forfeits on time}
1-0

[Event "ICC Open 2015"]
[Site "Internet Chess Club"]
[Date "2015.05.30"]
[Round "7"]
[White "Cristhian-ator"]
[Black "Estocolmov"]
[Result "1-0"]
[ICCResult "Black forfeits on time"]
[WhiteElo "2539"]
[BlackElo "2250"]
[Opening "Réti: King's Indian attack (Barcza system)"]
[ECO "A07"]
[NIC "QP.09"]
[Time "15:23:43"]
[TimeControl "180+0"]

1. Nf3 d5 2. g3 Bf5 3. Bg2 e6 4. O-O Nf6 5. d3 Be7 6. Nbd2 O-O 7. Qe1 Bg6 8.
e4 d4 9. Ne5 Nfd7 10. Nxg6 hxg6 11. e5 Qc8 12. f4 c5 13. h4 Nc6 14. Qe2 Nb4
15. Ne4 Nd5 16. h5 gxh5 17. Qxh5 Ne3 18. Bxe3 dxe3 19. Bf3 f5 20. Qg6 fxe4
21. Qxe6+ Rf7 22. Bh5 Qe8 23. Qc4 b5 24. Qxe4 Nf8 25. e6 g6 26. exf7+ Kxf7
27. Bf3 Rd8 28. Qxe3 Qd7 29. Rae1 Qd4 30. Qxd4 cxd4 31. Kg2 Rc8 32. Re2 Bf6
33. a3 a5 34. Rfe1 b4 35. Bd5+ Kg7 36. axb4 axb4 37. Kf3 Rc7 38. Bc4 Nd7 39.
g4 g5 40. fxg5 Bxg5 41. Re7+ Bxe7 42. Rxe7+ Kf6 43. Rf7+ Kg6 44. Kg3 Rb7 45.
Bd5 Rc7 46. Be6 Rc6 47. Bxd7 Rxc2 48. Rf2 b3 49. Bf5+ Kg5 50. Kf3 Rc1 51.
Ke4 Re1+ 52. Kxd4 Rc1 53. Ke3 Rc2 54. Rd2 Rc1 55. d4 {Black forfeits on
time} 1-0

[Event "ICC Open 2015"]
[Site "Internet Chess Club"]
[Date "2015.05.30"]
[Round "7"]
[White "Kempka"]
[Black "Ricardov"]
[Result "1-0"]
[ICCResult "Black resigns"]
[WhiteElo "2726"]
[BlackElo "2320"]
[Opening "Benoni defense"]
[ECO "A61"]
[NIC "BI.38"]
[Time "15:23:58"]
[TimeControl "180+0"]

1. d4 Nf6 2. c4 c5 3. d5 e6 4. Nc3 exd5 5. cxd5 d6 6. Nf3 g6 7. Bf4 a6 8. a4
Qe7 9. h3 Nbd7 10. e3 Bg7 11. Be2 O-O 12. O-O Ne8 13. Qc2 Ne5 14. Nxe5 Bxe5
15. Bxe5 Qxe5 16. e4 g5 17. Qd2 Nf6 18. Rae1 Nxe4 19. Nxe4 Qxe4 20. Qxg5+
Qg6 21. Qh4 Bd7 22. Bh5 Qg7 23. Re3 Kh8 24. b3 Rae8 25. Rg3 Qd4 26. Qxd4+
cxd4 27. Rd1 Re5 28. Bf3 b5 29. axb5 Bxb5 30. Rxd4 Rg8 31. Rdg4 Rxg4 32.
Rxg4 f5 33. Rg5 Bd3 34. b4 Bc4 35. g4 Bxd5 36. Bxd5 Rxd5 37. Kg2 Rb5 38.
Rxf5 Rxb4 39. Rf7 a5 40. Rd7 Rb6 41. Ra7 Rb5 42. f4 d5 43. f5 d4 44. f6 Rb6
45. Ra8+ {Black resigns} 1-0